 Dungeon Crawl Stone Soup version 0.19-a0-1629-g59ed194 (webtiles) character file.

70 Fuzzwah the Skirmisher (level 4, -1/38 HPs)
             Began as a Centaur Fighter on Sept 18, 2016.
             Succumbed to a kobold's poison
             ... on level 3 of the Dungeon.
             The game lasted 00:03:43 (990 turns).

Fuzzwah the Skirmisher (Centaur Fighter)             Turns: 990, Time: 00:03:43

Health: -1/38      AC:  6    Str: 16 (18) XL:     4   Next: 3%
Magic:  4/4        EV:  5    Int:  6 (7)  God:
Gold:   78         SH:  8    Dex:  7 (10) Spells: 0 memorised, 3 levels left

rFire  . . .     SeeInvis .     a - +0 trident
rCold  . . .     Gourm    .     b - +0 scale mail
rNeg   . . .     Faith    .     c - +0 shield
rPois  .         Spirit   .     (no helmet)
rElec  .         Dismiss  .     (no cloak)
rCorr  .         Reflect  .     (no gloves)
MR     .....     Harm     .     (no barding)
Stlth  ..........               (no amulet)
                                (no ring)
                                (no ring)

@: lethally poisoned (-1 -> -33), very quick
A: hooves 3, deformed body, speed 2, tough skin 3
a: no special abilities


You were on level 3 of the Dungeon.
You were not hungry.

You visited 1 branch of the dungeon, and saw 3 of its levels.

You collected 78 gold pieces.

Inventory:

Hand Weapons
 a - a +0 trident (weapon)
Armour
 b - a +0 scale mail (worn)
 c - a +0 shield (worn)
Scrolls
 e - a scroll of noise {unknown}
 h - a scroll of enchant weapon {unknown}
 k - 2 scrolls of teleportation {unknown}
 l - a scroll of remove curse {unknown}
 m - a scroll of fog {unknown}
Potions
 d - 2 potions of might
Comestibles
 f - a bread ration {@e1}
 g - a meat ration {@e2}
 i - a slice of pizza
 j - a royal jelly


   Skills:
 + Level 3.5 Fighting
 * Level 3.0 Polearms
 + Level 2.5 Armour
 + Level 2.3 Shields


You had 3 spell levels left.
You didn't know any spells.

Dungeon Overview and Level Annotations

Branches:
Dungeon (3/15)

Altars:
Nemelex Xobeh


Innate Abilities, Weirdness & Mutations

You have hooves in place of feet.
Armour fits poorly on your strangely shaped body.
You cover ground very quickly.
You have extremely tough skin. (AC +3)


Message History

You block the jackal's attack.
A rat comes into view.
You closely miss the jackal. The jackal barely misses you.
You closely miss the jackal. You kick the jackal, but do no damage.
The jackal bites you. You block the jackal's attack.
You take 3 damage, and have 28/31 hp.
You puncture the jackal!
You kill the jackal!
The jackal bites you.
You take 3 damage, and have 25/31 hp.
You barely miss the jackal. Your kick misses the jackal.
You block the jackal's attack.
The jackal bites you but does no damage.
You barely miss the jackal. The jackal barely misses you. x2
You closely miss the jackal. You block the jackal's attack.
You hit the jackal. The jackal barely misses you. The jackal bites you.
You take 1 damage, and have 25/31 hp.
You hit the jackal.
You kill the jackal!
You have reached level 4!
You feel agile.
You regained 6 hp, and now have 31/38 hp.
MP restored: 4 You closely miss the rat.
Your kick misses the rat. The rat barely misses you.
You hit the rat.
You kill the rat!
You puncture the rat!
You kill the rat!
Your Polearms skill increases to level 3!
No target in view!
No target in view!
Things that are here:
a rat corpse; a jackal corpse
d - 2 potions of might (gained 1)
l - a scroll labeled GIS ZORIRPHIRUT You regained 2 hp, and now have 33/38 hp.
Found a stone staircase leading down.
You now have 78 gold pieces (gained 12).
Things that are here:
a rat corpse; a jackal corpse A kobold comes into view.
It is wielding a whip of venom.
The kobold shouts!
Health restored: 38 You closely miss the kobold.
The kobold hits you but does no damage.
You are poisoned.
You closely miss the kobold. Your kick misses the kobold.
You feel sick.
The kobold hits you with a whip of venom.
You are more poisoned.
The kobold completely misses you.
You take 3 damage, and have 35/38 hp.
You hit the kobold but do no damage.
You feel sick. You block the kobold's attack.
You take 2 damage, and have 33/38 hp.
You hit the kobold but do no damage. Your kick misses the kobold.
You feel sick. You block the kobold's attack.
You take 1 damage, and have 32/38 hp.
You hit the kobold. Your kick misses the kobold.
You feel sick.
The kobold hits you with a whip of venom.
You take 4 damage, and have 28/38 hp.
You hit the kobold.
You feel sick.
The kobold hits you with a whip of venom.
You are more poisoned.
You take 3 damage, and have 25/38 hp.
You hit the kobold but do no damage. You kick the kobold, but do no damage.
You feel sick. The kobold hits you but does no damage.
You are lethally poisoned!
You take 2 damage, and have 23/38 hp.
You completely miss the kobold.
You feel very sick.
The kobold hits you with a whip of venom.
You are more poisoned.
The kobold hits you with a whip of venom.
You are more poisoned.
You take 9 damage, and have 14/38 hp.
MASSIVE DAMAGE!!
You hit the kobold.
You kill the kobold!
You feel your intelligence returning.
* * * LOW HITPOINT WARNING * * *
You feel very sick.
You take 3 damage, and have 11/38 hp.
Okay, then.
Okay, then.
There is a lethal amount of poison in your body!
* * * LOW HITPOINT WARNING * * *
You feel sick.
You take 2 damage, and have 9/38 hp.
* * * LOW HITPOINT WARNING * * *
You feel sick.
You take 2 damage, and have 7/38 hp.
* * * LOW HITPOINT WARNING * * *
You feel sick.
You take 2 damage, and have 5/38 hp.
* * * LOW HITPOINT WARNING * * *
You feel sick.
You take 2 damage, and have 3/38 hp.
* * * LOW HITPOINT WARNING * * *
You feel sick.
You take 2 damage, and have 1/38 hp.
You die...

+#+#...##.#.......#
.....#.##.#.......######
.....+..........).......
.....#.#########.......#
.......# #.. #.......#
.....#####... #.......#
.............. +........
...#.####......#.......#
...#..# ..%....@......#
...#..# #.....#.......#
...#..# #.....#.......#
...#..# ##### #.......#
...#... #.......#
...##.. ........# ...#
(..###### #### ...#


There were no monsters in sight!

Vanquished Creatures
  2 adders (D:2)
  An ooze (D:1)
  A worm (D:2)
  A dart slug (D:1)
  3 leopard geckos (D:1)
  3 giant cockroaches (D:1)
  8 goblins
  3 hobgoblins (D:2)
  3 jackals (D:3)
  3 kobolds
  3 bats
  A frilled lizard (D:2)
  7 rats
39 creatures vanquished.

Notes
Turn   | Place    | Note
-------+----------+-------------------------------------------
     0 | D:1      | Fuzzwah the Centaur Fighter began the quest for the Orb.
     0 | D:1      | Reached XP level 1. HP: 19/19 MP: 1/1
    75 | D:1      | Reached skill level 2 in Polearms
   145 | D:1      | Reached XP level 2. HP: 23/26 MP: 2/2
   354 | D:1      | Found a sparkling altar of Nemelex Xobeh.
   395 | D:2      | Reached XP level 3. HP: 31/31 MP: 3/3
   644 | D:2      | HP: 7/31 [poisoned by an adder]
   876 | D:3      | Reached XP level 4. HP: 30/38 MP: 4/4
   879 | D:3      | Reached skill level 3 in Polearms
   985 | D:3      | HP: 9/38 [poisoned by a kobold]
   988 | D:3      | HP: 3/38 [poisoned by a kobold]
   989 | D:3      | HP: 1/38 [poisoned by a kobold]
   990 | D:3      | Succumbed to a kobold's poison

Vault maps used:
D:1:      roderic_dead_forest, serial_glass, glass_columns_a, glass_columns_b,
          nemelex_altar_shiori
D:3:      nicolae_qazlal_eye_of_the_storm

Skill      XL: |  1  2  3  4 |
---------------+-------------+-----
Polearms       | 2 3 |  3.0
Fighting       | |  3.5
Armour         | |  2.5
Shields        | |  2.3

Action                   |  1- 3 |  4- 6 || total
-------------------------+-------+-------++-------
Melee: Trident           |   143 |    12 ||   155
       Kick              |    25 |     1 ||    26
  Use: Potion            |     6 |       ||     6
Armor: Scale mail        |    59 |     2 ||    61
Dodge: Dodged            |    32 |     2 ||    34
Block: Shield            |    40 |     2 ||    42

Vault maps used:
D:1:      roderic_dead_forest, serial_glass, glass_columns_a, glass_columns_b,
          nemelex_altar_shiori
D:3:      nicolae_qazlal_eye_of_the_storm

Table legend:
 A = Turns spent in this place as a percentage of turns spent in the entire game.
 B = Non-inter-level travel turns spent in this place as a percentage of non-inter-level travel turns spent in the entire game.
 C = Inter-level travel turns spent in this place as a percentage of turns spent in this place.
 D = Turns resting spent in this place as a percentage of non-inter-level travel turns spent in this place.
 E = Turns spent auto-exploring this place as a percentage of non-inter-level travel turns spent in this place.
 F = Non-inter-level travel turns spent in this place divided by the number of levels of this place that you've seen.
                   A       B       C       D       E      F
               +-------+-------+-------+-------+-------+----------------------
         Total | 100.0 | 100.0 |   0.6 |   1.6 |  16.2 | 106.7
       Dungeon | 100.0 | 100.0 |   0.6 |   1.6 |  16.2 | 106.7
               +-------+-------+-------+-------+-------+----------------------

Table legend:
 A = Kills in this place as a percentage of kills in entire the game.
 B = Kills by you in this place as a percentage of kills by you in the entire game.
 C = Kills by friends in this place as a percentage of kills by friends in the entire game.
 D = Other kills in this place as a percentage of other kills in the entire game.
 E = Experience gained in this place as a percentage of experience gained in the entire game.
 F = Experience gained in this place divided by the number of levels of this place that you have seen.
                   A       B       C       D       E      F
               +-------+-------+-------+-------+-------+----------------------
         Total | 100.0 | 100.0 |  -nan |  -nan | 100.0 |  33.3
       Dungeon | 100.0 | 100.0 |  -nan |  -nan | 100.0 |  33.3
               +-------+-------+-------+-------+-------+----------------------
